 Dungeon Crawl Stone Soup version 0.23-a0-844-gdc03e01 (console) character file.

60 bli the Sneak (level 3, 0/18 HPs)
             Began as a Spriggan Assassin on Jan 26, 2019.
             Slain by Sigmund
             ... wielding a +0 scythe
              (8 damage)
             ... on level 2 of the Dungeon.
             The game lasted 00:04:52 (1452 turns).

bli the Sneak (Spriggan Assassin)                   Turns: 1452, Time: 00:04:53

Health: 0/18       AC:  3    Str:  7    XL:     3   Next: 82%
Magic:  4/4        EV: 19    Int: 12    God:
Gold:   122        SH:  0    Dex: 18    Spells: 2/2 levels left

rFire    . . .     SeeInvis +   a - +2 dagger
rCold    . . .     Gourm    .   (shield restricted)
rNeg     . . .     Faith    .   c - +0 robe
rPois    .         Spirit   .   (helmet restricted)
rElec    .         Reflect  .   d - +0 cloak
rCorr    .         Harm     .   (gloves unavailable)
MR       +....                  (boots unavailable)
Stlth    +++.......             (no amulet)
HPRegen  0.06/turn              n - ring of protection from magic (curse)
MPRegen  0.09/turn              (no ring)

@: very quick
A: very small, unfitting armour, see invisible, herbivore, speed 3, slow
metabolism 2
a: no special abilities


You were on level 2 of the Dungeon.
You were not hungry.

You visited 1 branch of the dungeon, and saw 2 of its levels.

You collected 122 gold pieces.

Inventory:

Hand Weapons
 a - a +2 dagger (weapon)
 b - a +0 blowgun
 o - a +0 hunting sling
Missiles
 e - 2 poisoned needles
 f - 2 curare-tipped needles
 i - 30 stones (quivered)
 p - 20 sling bullets
 s - 13 arrows
Armour
 c - a +0 robe (worn)
 d - a +0 cloak (worn)
Jewellery
 n - a cursed ring of protection from magic (left hand)
 q - an uncursed ring of protection from cold {unknown}
Scrolls
 h - a scroll of fear {unknown}
 j - a scroll of amnesia {unknown}
 k - a scroll of immolation {unknown}
 l - a scroll of random uselessness {unknown}
 t - a scroll of magic mapping {unknown}
 u - a scroll of noise {unknown}
 v - a scroll of identify {unknown}
Potions
 m - a potion of flight {unknown}
 r - a potion of curing {unknown}
Comestibles
 g - 3 rations


   Skills:
 - Level 2.0 Fighting
 * Level 3.3 Short Blades
 - Level 2.0 Throwing
 * Level 3.4 Dodging
 - Level 6.0 Stealth


You had 2 spell levels left.
You didn't know any spells.
Your spell library was empty.

Dungeon Overview and Level Annotations

Branches:
Dungeon (2/15)

Altars:
Xom
Zin

Annotations:
D:2 Sigmund


Innate Abilities, Weirdness & Mutations

You are very small and have problems with some larger weapons.
You are too small for most types of armour.
You have supernaturally acute eyesight. (SInv)
You are a herbivore.
You cover ground extremely quickly.
You need to consume almost no food.


Message History

Aim: Sigmund, wielding a +0 scythe and wearing a +2 robe of cold resistance (moderately wounded, poisoned, slightly transparent)
You shoot a poisoned needle. The poisoned needle hits Sigmund.
Sigmund is moderately wounded.
a - a +2 dagger (weapon)
Sigmund completely misses you.
You hit Sigmund but do no damage.
Sigmund is heavily wounded.
Sigmund completely misses you.
You barely miss Sigmund.
Sigmund is heavily wounded.
You hit Sigmund but do no damage.
Sigmund is heavily wounded.
Sigmund hits you with a +0 scythe!
Ouch! That really hurt!
The jackal pauses to sniff the ground.
You hit Sigmund.
Sigmund is severely wounded.
Sigmund says, "Your kind have come here before.
I understand now why.
You desire death..."
Sigmund hits you with a +0 scythe!
You die...

..# #. #.# #. #.# ####.
..$..r #.# #.... ..$.. #.#
#.... ..... #.###....
.r...###############..##....
...(((h(@@................
.$...r.###########..#....
#)....# ##.#.... #..!..#
#...... #.....# ##.....
#...<.# #.###. #.....#
#..##. #.....# ##'##.
#.....# #...#. ####.##
#...#. #.# #...#.


You could see Sigmund (invisible), a jackal and a rat.

Vanquished Creatures
  An adder (D:2)
  An ooze (D:2)
  A ball python (D:1)
  3 bats
  A giant cockroach (D:1)
  6 goblins
  5 hobgoblins
  7 jackals
  7 frilled lizards
  9 kobolds
  3 rats
44 creatures vanquished.

Notes
Turn   | Place    | Note
-------+----------+-------------------------------------------
     0 | D:1      | bli the Spriggan Assassin began the quest for the Orb.
     0 | D:1      | Reached XP level 1. HP: 10/10 MP: 2/2
    57 | D:1      | Reached skill level 6 in Stealth
   115 | D:1      | Reached XP level 2. HP: 14/14 MP: 3/3
  1034 | D:2      | Reached XP level 3. HP: 18/18 MP: 4/4
  1171 | D:2      | Noticed an angel
  1175 | D:2      | Found a glowing silver altar of Zin.
  1177 | D:2      | Found a shimmering altar of Xom.
  1329 | D:2      | Noticed Sigmund
  1452 | D:2      | Slain by Sigmund

Vault maps used:
D:1:      dpeg_arrival_rhombus, minmay_nonomino_d4
D:2:      grunt_temple_overflow_order_and_chaos_1, uniq_sigmund

Skill      XL: |  1  2  3 |
---------------+----------+-----
Dodging        | 2 3 |  3.4
Stealth        | 6 |  6.0
Short Blades   | 3 |  3.3
Fighting       | 2 |  2.0
Throwing       | |  2.0

Action                   || total
-------------------------++-------
Melee: Dagger            ||   151
 Fire: Blowgun           ||     6
 Stab: Sleeping          ||    11
       Distracted        ||     1
Armor: Robe              ||    16
Dodge: Dodged            ||   111

Table legend:
 A = Non-vault XP
 B = Vault XP
 C = Vault XP percentage of total XP
 D = Non-vault monster count
 E = Vault monster count
 F = Vault count percentage of total count
                 A         B        C        D         E       F
            +---------+---------+-------+---------+---------+-------
      Total |      72 |      15 |  17.2 |      35 |       9 |  20.5
            +---------+---------+-------+---------+---------+-------
        D:1 |      25 |      15 |  37.5 |      18 |       9 |  33.3
        D:2 |      47 |       0 |   0.0 |      17 |       0 |   0.0
            +---------+---------+-------+---------+---------+-------
